 Dungeon Crawl Stone Soup version 0.31-a0-955-gcb8bc90ed4 (webtiles) character file.

Game seed: 7402642556979513113

10588 Bnni the Skirmisher (level 11, 0/58 HPs)
             Began as a Spriggan Hunter on Oct 21, 2023.
             Was a Priest of Fedhas.
             Killed from afar by an efreet (27 damage)
             ... with a fireball
             ... on level 10 of the Dungeon on Oct 22, 2023.
             The game lasted 00:23:56 (12707 turns).

Bnni the Skirmisher (Spriggan Hunter)              Turns: 12707, Time: 00:23:57

Health: 0/58       AC:  4    Str: 13    XL:     11   Next: 38%
Magic:  5/5        EV: 28    Int: 11    God:    Fedhas [***...]
Gold:   205        SH:  0    Dex: 23    Spells: 10/10 levels left

rFire   . . .        L - +4 orcbow (antimagic)
rCold   . . .        (shield currently unavailable)
rNeg    . . .        c - +0 robe
rPois   .            (helmet restricted)
rElec   .            C - +1 cloak {rCorr}
rCorr   +            (gloves unavailable)
SInv    +            (boots unavailable)
Will    +....        (no amulet)
Stlth   ++           l - ring of flight
HPRegen 0.29/turn    z - +6 ring of strength
MPRegen 0.09/turn

%: no passive effects
@: flying, very quick
A: very small, no large weapons, unfitting armour, see invisible, speed 3
a: Renounce Religion, Wall of Briars, Grow Ballistomycete


You were on level 10 of the Dungeon.
You worshipped Fedhas.
Fedhas was most pleased with you.
You visited 2 branches of the dungeon, and saw 11 of its levels.
You also visited: Sewer and Ossuary.

You collected 436 gold pieces.
You spent 231 gold pieces at shops.

Inventory:

Hand Weapons
 w - a +0 spear of venom
 L - a +4 antimagic orcbow (weapon)
Missiles
 m - 6 curare-tipped darts
 J - 3 throwing nets
Armour
 c - a +0 robe (worn)
 C - a +1 cloak of preservation (worn)
 K - a +0 buckler
Jewellery
 l - a ring of flight (left hand)
 z - a +6 ring of strength (right hand)
Wands
 v - a wand of polymorph (15)
 H - a wand of flame (14)
Scrolls
 a - 3 scrolls of vulnerability {unknown}
 b - a scroll of butterflies
 f - 6 scrolls of blinking {unknown}
 h - 6 scrolls of teleportation {unknown}
 i - a scroll of immolation {unknown}
 j - a scroll of enchant armour
 s - 3 scrolls of fog
 u - a scroll of enchant weapon {unknown}
 y - 2 scrolls of brand weapon {unknown}
 E - a scroll of revelation {unknown}
 F - a scroll of acquirement {unknown}
 I - a scroll of noise
Potions
 d - 3 potions of lignification {unknown}
 e - 4 potions of brilliance
 g - a potion of invisibility
 k - 4 potions of haste
 n - 5 potions of enlightenment
 o - a potion of ambrosia {unknown}
 p - 2 potions of cancellation
 q - 2 potions of attraction
 r - 2 potions of magic {unknown}
 t - 6 potions of curing
 x - a potion of degeneration {unknown}
 A - a potion of might {unknown}
 B - 2 potions of heal wounds {unknown}


   Skills:
 + Level 7.5 Fighting
 * Level 12.9 Ranged Weapons
 + Level 11.6 Dodging
 - Level 1.5 Stealth
 + Level 4.9 Invocations


You had 10 spell levels left.
You didn't know any spells.
Your spell library contained the following spells:

 Spells                   Type           Power      Damage    Failure   Level
 Call Canine Familiar     Summ           0%         N/A       71%         3
 Sigil of Binding         Hex            0%         N/A       71%         3
 Volatile Blastmotes      Fire/Tloc      0%         2d10      71%         3
 Dimensional Bullseye     Hex/Tloc       0%         N/A       98%         4
 Fulminant Prism          Conj/Hex       0%         3d5       98%         4
 Iskenderun's Mystic Bla  Conj/Tloc      0%         2d3       98%         4
 Leda's Liquefaction      Hex/Erth       0%         N/A       98%         4


Dungeon Overview and Level Annotations

Branches:
Dungeon (10/15)            Temple (1/1) D:7            Lair (0/5) D:10
  Sewer (visited)         Ossuary (visited)
    Orc: D:9-12

Altars:
Ashenzari
Cheibriados
Dithmenos
Elyvilon
Fedhas
Gozag
Hepliaklqana
Kikubaaqudgha
Makhleb
Nemelex Xobeh
Okawaru
Qazlal
Ru
Sif Muna
Trog
Uskayaw
Vehumet
Wu Jian
Xom
Yredelemnul
Zin
The Shining One

Shops:
D:3 !   D:6 [

Annotations:
D:7 2 transporters, exclusion: ice statue, boombarfnjin2354fg's ghost, novice GnHu
D:10 3 runed translucent doors, dertzug's ghost, novice DrSh


Innate Abilities, Weirdness & Mutations

You are very small and have problems with some larger weapons.
You are too small for most types of armour.
You have supernaturally acute eyesight. (SInv)
You cover ground extremely quickly. (Speed+++)


Message History

Fedhas appreciates your contribution to the ecosystem.
You start resting.
The white imp puffs mist at you.
The white imp grinds its teeth.
The white imp spits at you.
HP restored.
J - 3 throwing nets (gained 2)
You now have 194 gold pieces (gained 7).
Things that are here:
a +0 club; a +0 ring mail; an orc corpse You now have 205 gold pieces (gained 11).
Things that are here:
a +0 dagger; a +0 robe; an orc corpse
Found 8 stones.
There is an open door here.
You see here a +0 heavy hand axe.
You shoot an arrow.
The arrow hits the efreet but does no damage.
You shoot an arrow. The arrow barely misses the efreet.
Press: ? - help, v - describe, . - travel
Here: an efreet, wielding a +1 scimitar of flaming The floor.
You shoot an arrow. The arrow hits the efreet!
The efreet's magic leaks into the air.
The efreet is moderately wounded.
The efreet hits you with a +1 scimitar of flaming!
The efreet burns you.
Unknown command.
The efreet attacks as it pursues you!
The efreet hits you with a +1 scimitar of flaming!
The efreet burns you.
The efreet's magic is no longer disrupted.
The efreet gestures at you. The bolt of fire misses you.
There is an open door here.
You are too injured to fight recklessly!
The efreet gestures at you.
The fireball explodes!
The fireball engulfs you!!
You die...
Fedhas appreciates your contribution to the ecosystem.

#).#..### #[#
...#....####.#####
#.####...........#
#.# #...##..###.#
..# ###..##..##.##
### ##..##..#..##
.# ##.###..>..#
.## #.#####...#
..######
#.....#@..#
.......#
#######'###
#.####.#
###.....### #.#
##.....R...## #.#
#....:.)○...# #.#
#...#####°.(#
#.#### #.... ....#
.....# #... ....#
...>.# #... ...#


You could see an efreet.

Vanquished Creatures
  2 two-headed ogres
  Pikel (D:6)
  A cyclops (D:10)
  An unseen horror (D:10)
  A kobold demonologist (D:8)
  Grinder (D:6)
  A hornet (D:10)
  2 wyverns
  A wraith (D:9)
  16 yaks
  2 vampire mosquitoes (D:10)
  Edmund (D:6)
  3 water moccasins
  4 orc warriors
  3 ice beasts
  A black bear (D:6)
  A sky beast (D:7)
  4 centaurs
  2 phantoms
  3 lemures (D:6)
  3 kobold brigands
  3 elf zombies (Ossuary)
  Blork the orc (D:5)
  6 bullfrogs
  3 gnoll sergeants
  5 scorpions
  A wight (D:6)
  7 killer bees
  3 howler monkeys
  4 hounds
  A jelly (D:5)
  7 orc priests
  Terence (D:3)
  Natasha (thrice) (D:4)
  4 orc wizards
  4 iguanas
  4 hound zombies
  5 mummies
  15 gnolls
  5 river rats (Sewer)
  11 adders
  2 ufetubi (D:5)
  2 adder zombies
  2 worms
  5 dart slugs
  19 orcs
  6 endoplasms
  2 giant cockroaches
  6 goblins
  8 hobgoblins
  4 jackals (D:1)
  5 quokkas
  12 ball pythons
  5 bats
  10 frilled lizards
  3 goblin zombies
  A hobgoblin zombie (Ossuary)
  12 kobolds
  An orc zombie (Ossuary)
  6 rats
  2 rat zombies (Ossuary)
260 creatures vanquished.

Vanquished Creatures (others)
  4 killer bees (D:10)
4 creatures vanquished.

Grand Total: 264 creatures vanquished

Notes
Turn   | Place    | Note
-------+----------+-------------------------------------------
     0 | D:1      | Bnni the Spriggan Hunter began the quest for the Orb.
     0 | D:1      | Reached XP level 1. HP: 10/10 MP: 2/2
   138 | D:1      | Reached XP level 2. HP: 12/15 MP: 3/3
   353 | D:1      | Reached XP level 3. HP: 15/18 MP: 4/4
   776 | D:2      | Noticed a phantom
   845 | D:2      | Killed a phantom
   846 | D:2      | Reached skill level 5 in Ranged Weapons
   846 | D:2      | Reached XP level 4. HP: 15/23 MP: 5/5
  1704 | D:3      | Reached XP level 5. HP: 27/27 MP: 6/6
  1871 | D:3      | Found Tueqegh's Distillery.
  2157 | D:3      | Found a basalt altar of Yredelemnul.
  2292 | D:3      | Noticed Terence
  2348 | D:3      | Killed Terence
  2701 | D:4      | Noticed a phantom
  2761 | D:3      | Killed a phantom
  2762 | D:3      | Reached XP level 6. HP: 32/32 MP: 7/7
  2854 | D:4      | Reached skill level 6 in Ranged Weapons
  2906 | D:4      | Reached skill level 5 in Dodging
  2914 | D:4      | Found a sand-covered staircase.
  2932 | Ossuary  | Entered an ossuary
  2933 | Ossuary  | Upgraded the game from 0.31-a0-948-gf5be29c462 to
                  | 0.31-a0-955-gcb8bc90ed4
  3136 | Ossuary  | Reached XP level 7. HP: 21/36 MP: 8/8
  3230 | Ossuary  | Reached skill level 7 in Ranged Weapons
  3835 | D:4      | Noticed Natasha
  3840 | D:4      | Killed Natasha
  3892 | D:4      | Noticed Natasha
  3906 | D:4      | Killed Natasha
  4099 | D:5      | Entered Level 5 of the Dungeon
  4690 | D:4      | Noticed Natasha
  4698 | D:4      | Killed Natasha
  4794 | D:5      | Reached XP level 8. HP: 34/42 MP: 9/9
  5059 | D:5      | Reached skill level 8 in Ranged Weapons
  5097 | D:5      | Noticed Blork the orc
  5122 | D:5      | Killed Blork the orc
  5315 | D:5      | Found a snail-covered altar of Cheibriados.
  5489 | D:5      | Identified the +2 pair of boots "Kefolu" {Slay+2}
  5948 | D:6      | Found a glowing drain.
  5954 | Sewer    | Entered a sewer
  6822 | D:6      | Reached skill level 9 in Ranged Weapons
  6868 | D:6      | Reached skill level 5 in Fighting
  6892 | D:6      | Found a shadowy altar of Dithmenos.
  7003 | D:6      | Noticed Edmund
  7065 | D:6      | Killed Edmund
  7066 | D:6      | Reached XP level 9. HP: 47/47 MP: 10/10
  7191 | D:6      | Noticed Grinder
  7194 | D:6      | Paralysed by Grinder for 2 turns
  7208 | D:6      | Killed Grinder
  7318 | D:6      | Noticed Pikel
  7392 | D:6      | Killed Pikel
  7393 | D:6      | Reached skill level 10 in Ranged Weapons
  7606 | D:6      | Found Gisow's Armour Boutique.
  7637 | D:6      | Bought a +1 cloak of preservation for 231 gold pieces
  7815 | D:7      | Found an opulent altar of Gozag.
  8103 | D:7      | Noticed an ice statue
  8118 | D:7      | Noticed boombarfnjin2354fg's ghost (novice GnHu)
  8119 | D:7      | Found a transporter.
  8121 | D:7      | Found a transporter.
  8123 | D:7      | Noticed a cyclops
  8179 | D:7      | Found a glowing golden altar of the Shining One.
  8545 | D:7      | Found a staircase to the Ecumenical Temple.
  8550 | Temple   | Entered the Ecumenical Temple
  8573 | Temple   | Became a worshipper of Fedhas Madash
  9301 | D:8      | Reached skill level 11 in Ranged Weapons
  9308 | D:8      | Reached XP level 10. HP: 53/53 MP: 11/11
  9325 | D:8      | Reached skill level 1 in Invocations
  9363 | D:8      | Noticed a soul eater
  9491 | D:8      | Reached * piety under Fedhas
  9511 | D:8      | Reached skill level 10 in Dodging
 10014 | D:9      | Noticed a two-headed ogre
 10031 | D:9      | Killed a two-headed ogre
 10822 | D:9      | Reached skill level 12 in Ranged Weapons
 10907 | D:9      | Reached ** piety under Fedhas
 11076 | D:10     | Entered Level 10 of the Dungeon
 11232 | D:10     | Found a radiant altar of Vehumet.
 11279 | D:10     | Found a runed translucent gate.
 11279 | D:10     | Found a runed translucent gate.
 11282 | D:10     | Found a runed translucent gate.
 11299 | D:10     | Reached XP level 11. HP: 56/58 MP: 15/15
 11563 | D:10     | Noticed dertzug's ghost (novice DrSh)
 11642 | D:10     | Found a staircase to the Lair.
 11664 | D:10     | Identified the +0 scale mail "Ucysen" {Int+3}
 11921 | D:10     | Noticed a two-headed ogre
 11939 | D:10     | Killed a two-headed ogre
 12594 | D:10     | Reached *** piety under Fedhas
 12707 | D:10     | Killed from afar by an efreet

Illustrated notes

Levels and vault maps discovered:
D:1:      eino_arrival_water_cross, layout_rooms,
          nicolae_concentric_dashed_squares_mild,
          chequers_serial_rivers_large_b, minmay_tromino_v4_c
D:2:      layout_basic, kennysheep_big_empty_room
D:3:      layout_basic, lemuel_zombie_altar_yredelemnul, serial_shops,
          shop_statue, chequers_serial_rivers_micro_a, uniq_terence
D:4:      layout_cave_pods, nicolae_ossuary_entry_giza, uniq_natasha
D:5:      layout_loops_cross, cheibrodos_worm_habitat, abandoned_shop,
          minmay_misc_feat_x, kennysheep_generic_room_5, uniq_blork_the_orc
D:6:      layout_cave_pods, nicolae_dithmenos_through_a_glass_darkly,
          mainiacjoe_sewer_entry_somewhere_in_here_1, kennysheep_small_circle,
          uniq_grinder, uniq_pikel, uniq_edmund
D:7:      layout_layer_cave, mainiacjoe_overflow_alcove_1,
          mainiacjoe_overflow_paths, minmay_temple_entry_nine_rooms,
          nzn_ghost_randoct, dreamdust_princess_bridge, hex_large
D:8:      layout_basic, minivault_21
D:9:      layout_roguey
D:10:     layout_rooms, overflow_temple_1_default, lair_entry_dummy,
          gammafunk_ghost_icy, minivault_25, serial_bayou_pond_e,
          grunt_potential
Temple:   nicolae_temple_elliptical

Skill      XL: |  1  2  3  4  5  6  7  8  9 10 |
---------------+-------------------------------+-----
Dodging        | 3 4 5 6 8 9 11 | 11.6
Fighting       | 2 3 4 5 6 7 |  7.5
Ranged Weapons | 5 6 7 9 11 12 | 12.9
Invocations    | 4 |  4.9
Stealth        | |  1.5

Action                     |  1- 3 |  4- 6 |  7- 9 | 10-12 || total
---------------------------+-------+-------+-------+-------++-------
   Fire: Shortbow          |    97 |   194 |   598 |       ||   889
         Orcbow            |       |       |    85 |   404 ||   489
  Throw: Dart              |       |       |     3 |    12 ||    15
  Evoke: Wand              |       |       |       |     5 ||     5
    Use: Scroll            |       |     4 |     3 |     2 ||     9
         Potion            |       |       |     1 |     1 ||     2
 Armour: Robe              |    12 |    24 |    77 |    55 ||   168
  Dodge: Dodged            |    25 |    59 |   324 |   182 ||   590

Table legend: (Time is in decaauts)
 A = Elapsed time spent in this place.
 B = Non-inter-level travel time spent in this place.
 C = Inter-level travel time spent in this place.
 D = Time resting spent in this place.
 E = Time spent auto-exploring this place.
 F = Levels seen in this place.
 G = Mean time per level.
                   A        B        C        D        E       F      G
               +--------+--------+--------+--------+--------+-----+--------+
         Total |   9278 |   8960 |    318 |   1520 |   5008 |  13 |  713.7 |
       Dungeon |   8299 |   8007 |    292 |   1380 |   4631 |  10 |  829.9 |
        Temple |     29 |      3 |     26 |      0 |      0 |   1 |   29.0 |
         Sewer |    588 |    588 |      0 |    140 |    261 |   1 |  588.0 |
       Ossuary |    361 |    361 |      0 |      0 |    115 |   1 |  361.0 |
               +--------+--------+--------+--------+--------+-----+--------+

Top non-repeatable levels by time:
     D:9: 1261 daAuts
     D:4: 1180 daAuts
     D:7: 925 daAuts
     D:5: 903 daAuts
    D:10: 903 daAuts
     D:6: 817 daAuts
     D:3: 733 daAuts
     D:2: 634 daAuts
   Sewer: 588 daAuts
     D:8: 484 daAuts
     D:1: 455 daAuts
 Ossuary: 361 daAuts
  Temple: 29 daAuts
